[Event "German-ch Blitz Women 2022"]
[Site "Magdeburg"]
[Date "2022.08.13"]
[Round "22.10"]
[White "Fock, Sana"]
[Black "Schulze, Lara"]
[Result "0-1"]
[ECO "B23"]
[WhiteElo "1807"]
[BlackElo "2292"]
[Annotator "TA"]
[PlyCount "54"]
[EventDate "2022.08.10"]
[EventType "tourn"]
[EventCountry "GER"]
[SourceTitle "playchess.com"]
[Source "ChessBase"]
[SourceQuality "1"]
[TimeControl "180+2"]

1. e4 c5 2. Nc3 Nc6 3. f4 g6 4. Nf3 Bg7 5. Bb5 Nd4 6. O-O e6 7. e5 Ne7 {[%emt 0:00:14] B23: Closed Sicilian: Lines without g3.} (7... a6 $11 8. Bd3 f5) 8. a4 a6 9. Bd3 d5 {[%emt 0:00:03] The position is equal.} 10. Nxd4 cxd4 11. Ne2 Nc6 12. c3 O-O 13. Qe1 dxc3 {[%emt 0:00:09] [#]} 14. dxc3 $146 ({Predecessor:} 14. bxc3 f6 15. exf6 Qxf6 16. Bc2 Bd7 17. d4 Na5 18. Rf3 Nc4 19. h4 b5 20. axb5 axb5 {1-0 (41) Zinn,L-Kozma,J Zinnowitz 1965}) 14... f6 15. exf6 Bxf6 16. Kh1 e5 17. fxe5 Nxe5 18. Bc2 Bd7 19. Bh6 Rf7 20. Nd4 (20. h3 $11) 20... Ng4 $15 21. Qd2 {[%emt 0:00:18][%mdl 8192] This costs White the game.} ({Of course not} 21. Bf4 Bxd4 22. cxd4 Qf8 $17) (21. Bd2 $17 {was necessary.}) 21... Nxh6 $19 22. Qxh6 $2 (22. Bb3 Bg5 23. Qd3) 22... Bg5 {[%emt 0:00:10] This bishop pair is nice. Black is clearly winning.} 23. Rxf7 {[%emt 0:00:16][%csl Gf7][%cal Rh6h7] [#]} Bxh6 24. Raf1 Qe8 25. Bb3 Qxf7 26. Rxf7 Kxf7 27. Bxd5+ Kf6 {[%emt 0:00:01] Weighted Error Value: White=0.62/Black=0.12 (very precise)} 0-1

[Event "German-ch Blitz Women 2022"]
[Site "Magdeburg"]
[Date "2022.08.13"]
[Round "22.11"]
[White "Schuster, Rebekka"]
[Black "Melamed, Tatjana"]
[Result "0-1"]
[ECO "B07"]
[WhiteElo "1815"]
[BlackElo "2380"]
[Annotator "TA"]
[PlyCount "22"]
[EventDate "2022.08.10"]
[EventType "tourn"]
[EventCountry "GER"]
[SourceTitle "playchess.com"]
[Source "ChessBase"]
[SourceQuality "1"]
[TimeControl "180+2"]

1. e4 Nf6 2. Nc3 d6 3. d4 g6 4. f3 Bg7 5. Be3 O-O 6. Qd2 Nbd7 7. O-O-O c6 8. h4 Qa5 {[%emt 0:00:17] B07: Pirc Defence: Miscellaneous Systems.} 9. Kb1 h5 {[%emt 0:00:14] [#]} 10. Be2 $146 ({Predecessor:} 10. Nd5 Qd8 11. Nxf6+ exf6 12. g4 hxg4 13. h5 f5 14. Bg5 Bf6 15. Bxf6 Qxf6 16. hxg6 fxe4 {1-0 (31) Grott,P-Koehler,H DESC email 2009}) 10... b5 {[%emt 0:00:11][%cal Bb7b5,Bb5b4][%mdl 32] [#] Hoping for ...b4.} 11. g4 $2 (11. Nd5 $1 $14 {stays ahead.} Qd8 12. Nxf6+ Nxf6 13. Bd3) 11... b4 {[%emt 0:00:02] White did not feel at home in the position after the opening.  Weighted Error Value: White=1.59/Black=0.18 (very precise)} 0-1

[Event "German-ch Blitz Women 2022"]
[Site "Magdeburg"]
[Date "2022.08.13"]
[Round "22.12"]
[White "Zschischang, Marine"]
[Black "Staerk, Elisa"]
[Result "0-1"]
[ECO "A48"]
[WhiteElo "2083"]
[BlackElo "1947"]
[Annotator "NA RC"]
[PlyCount "75"]
[EventDate "2022.08.10"]
[EventType "tourn"]
[EventCountry "GER"]
[SourceTitle "playchess.com"]
[Source "ChessBase"]
[SourceQuality "1"]
[TimeControl "180+2"]

1. d4 Nf6 2. Nf3 g6 3. Nc3 d5 4. Bf4 Bg7 5. e3 a6 6. Be2 O-O 7. Ne5 Nbd7 8. h4 h5 9. f3 c5 10. g4 cxd4 11. exd4 Nxe5 12. Bxe5 b5 13. gxh5 Nxh5 14. Bxg7 Kxg7 15. Qd2 Bf5 16. Bd3 Bxd3 17. Qxd3 b4 18. Ne2 Rc8 19. O-O-O Qd6 20. Qe3 Rc7 21. Kb1 Rfc8 22. Rd2 a5 23. f4 a4 24. f5 b3 25. cxb3 axb3 26. Qxb3 Rc4 27. Qe3 Rb8 28. Rg1 Qb6 29. fxg6 fxg6 30. Qxe7+ Kh8 31. Qe5+ Kh7 32. Qe7+ Kh8 33. Qg5 Rb4 34. Qxg6 Rxb2+ 35. Kc1 Qxg6 36. Rxg6 Rb1+ 37. Kc2 R8b2+ 38. Kc3 0-1

[Event "German-ch Blitz Women 2022"]
[Site "Magdeburg"]
[Date "2022.08.13"]
[Round "23.1"]
[White "Staerk, Elisa"]
[Black "Paehtz, Elisabeth"]
[Result "1/2-1/2"]
[ECO "A48"]
[WhiteElo "1947"]
[BlackElo "2484"]
[Annotator "TA"]
[PlyCount "95"]
[EventDate "2022.08.10"]
[EventType "tourn"]
[EventCountry "GER"]
[SourceTitle "playchess.com"]
[Source "ChessBase"]
[SourceQuality "1"]
[TimeControl "180+2"]

1. d4 Nf6 2. Nf3 g6 3. c4 Bg7 4. Nc3 O-O 5. e4 c6 6. Be2 d5 7. cxd5 cxd5 8. e5 Ne8 9. O-O Nc6 {[%emt 0:00:00] E70: King's Indian: Miscellaneous lines with 4 e4, including 5 Nge2 and 5 Bd3 0-0 6 Nge2.} 10. Be3 Nc7 11. Qb3 a6 {[%emt 0:00:06] [#] White is slightly better.} 12. a4 $146 ({Predecessor:} 12. Rac1 f6 13. Rfd1 Kh8 14. exf6 exf6 15. Bf4 Ne6 16. Bg3 {½-½ (67) Groleau,G (2189)-Mai,T (1839) Gatineau 2004}) 12... Rb8 13. Rac1 Be6 14. Rfd1 Qd7 15. Qc2 h6 16. Nd2 Bf5 17. Bd3 Nb4 18. Bxf5 gxf5 19. Qb1 e6 20. Nb3 b6 21. a5 bxa5 22. Nc5 Qe7 23. g3 {[%emt 0:00:10][%mdl 1024] White has strong compensation.} Na8 24. Qa1 Qd8 25. N3a4 {[%emt 0:00:11] White is much more active. The black rooks are badly placed.} Re8 26. Bd2 Nc7 {[%emt 0:00:27] [#]} 27. Nc3 (27. Nb3 $1 $16 ) 27... Nc6 28. Ne2 Nb4 (28... Re7 $14) 29. Qxa5 $18 Nc6 30. Qa1 (30. Qa4 $18 Rb6 31. Rc2) 30... Ra8 {[%emt 0:00:16] [#]} (30... Re7 $16) 31. Ba5 (31. Na4 $1 $18 Na7 32. Ba5) 31... Nxa5 $16 32. Qxa5 {[%emt 0:00:02] Hoping for Nb7.} Nb5 33. Qxd8 (33. Qd2 $16) 33... Rexd8 $11 34. Nc3 Nxc3 35. Rxc3 Rdb8 36. Ra3 Rxb2 37. Rxa6 Rxa6 38. Nxa6 {[%emt 0:00:01][%mdl 4096] Endgame KRB-KRN} Bf8 39. Rc1 (39. Nc7 $11 {remains equal.}) 39... Rd2 $17 40. Rc8 Rxd4 41. Nc5 $2 {[%emt 0:00:03][%mdl 8192] Inhibits Ra4.} (41. Nb8 $17 Rc4 42. Rd8) 41... Kg7 $2 ({Black should try} 41... Rc4 $19 42. Rxf8+ Kxf8) 42. Nd7 $1 $11 {[%emt 0:00:01] The position is equal.} Be7 43. Re8 Bb4 44. Nf6 h5 45. Rg8+ Kh6 46. Rh8+ Kg6 47. Rg8+ Kh6 48. Rh8+ {[%emt 0:00:01] Quite a comeback for White.  Weighted Error Value: White=0.37/Black=0.28 (precise)} 1/2-1/2

[Event "German-ch Blitz Women 2022"]
[Site "Magdeburg"]
[Date "2022.08.13"]
[Round "23.2"]
[White "Melamed, Tatjana"]
[Black "Zschischang, Marine"]
[Result "1-0"]
[ECO "C10"]
[WhiteElo "2380"]
[BlackElo "2083"]
[Annotator "TA"]
[PlyCount "91"]
[EventDate "2022.08.10"]
[EventType "tourn"]
[EventCountry "GER"]
[SourceTitle "playchess.com"]
[Source "ChessBase"]
[SourceQuality "1"]
[TimeControl "180+2"]

1. e4 e6 2. d4 d5 3. Nd2 dxe4 4. Nxe4 Nd7 5. Bd3 Ngf6 6. Qe2 c5 {[%emt 0:00:04] The main line 6...c5 scores better than 6...Be7.} 7. Nxf6+ {[%emt 0:00:08] C10: French with 3 Nc3: Unusual Black 3rd moves and 3...dxe4.} Nxf6 8. Nf3 cxd4 {[%emt 0:00:02] [#]} 9. Ne5 $146 (9. O-O $11) ({Predecessor:} 9. Bd2 Qd5 10. c4 Qd8 11. O-O-O Be7 12. g4 a6 13. Kb1 Nd7 14. Bc2 Qb6 15. Bc1 {1-0 (23) Savchenko,B (2562)-Timofeev,A (2580) Sochi 2018}) 9... Bb4+ 10. Kf1 (10. Bd2 Bxd2+ 11. Qxd2 O-O $15) (10. c3 $5 dxc3 11. Bb5+ Kf8 12. O-O $17) 10... a6 11. h4 Bd7 12. h5 h6 13. Rh3 Qc7 14. Rg3 Bd6 15. f4 (15. Nxd7 $11 Qxd7 16. Rxg7) 15... Bf8 (15... O-O $17 16. a4 Bc6) 16. Bd2 $11 Bc6 17. Re1 {[%emt 0:00:05][%cal Oe5f7] [#] Threatens to win with Nxf7!} O-O-O 18. Kg1 (18. c3 $11) 18... Nd5 19. a3 Be8 20. Qe4 Ne3 ({Black should try} 20... Rg8 $17) 21. Bxe3 dxe3 22. b4 $1 Bc6 (22... Kb8 $11 {keeps the balance.}) 23. Nxc6 {[%emt 0:00:03] White is more active.} (23. Qxe3 {seems wilder.} Kb8 24. c4 Rg8 25. Bh7) 23... Qxc6 24. Qxc6+ ({Much weaker is} 24. Qxe3 $6 Kb8 $11) (24. Rexe3 Qb6 $11) (24. Rgxe3 Qxe4 25. Rxe4 Kb8 $11) 24... bxc6 25. Bxa6+ Kc7 26. Bd3 ({Better is} 26. Rexe3 $16 Rd1+ 27. Bf1) 26... c5 27. b5 ({Avoid the trap} 27. Rgxe3 $2 cxb4 28. Re4 Bc5+ 29. Kf1 bxa3 $17) 27... Kb6 28. Kf1 ({Of course not} 28. Rgxe3 c4 29. Bxc4 Bc5 $17) 28... Ra8 (28... c4 $11 29. Bxc4 Rd4) 29. Rgxe3 $14 Rxa3 30. f5 c4 $1 31. Bxc4 Rxe3 32. Rxe3 {[%emt 0:00:01][%mdl 4096] Endgame KRB-KRB} Bc5 33. Re1 exf5 34. Ra1 {[%emt 0:00:03] Prevents Ra8.} Rd8 35. Ra6+ Kb7 36. Bxf7 Bb6 37. c4 Rd4 $2 {[%emt 0:00:06] [#]} (37... Rd6 {is a better defense.} 38. Bd5+ Kc7) 38. Bd5+ $18 Kc7 39. Ra8 $2 (39. Ke2 $18 {is the precise move to win.}) 39... Rh4 (39... Rd2 $16 40. Ke1 Be3) 40. Rg8 Bd4 41. Rf8 (41. Ke2 $18 {and White stays clearly on top.}) 41... Rxh5 $16 42. Rf7+ Kb6 43. Rb7+ (43. Ke2 $16) 43... Kc5 $11 44. Rc7+ Kd6 $2 (44... Kb4 $11) 45. Rc6+ $18 Ke5 $2 (45... Kd7 46. Ke2 Rg5) 46. b6 {[%emt 0:00:05] Weighted Error Value: White=0.27 (precise) /Black=0.42} 1-0

[Event "German-ch Blitz Women 2022"]
[Site "Magdeburg"]
[Date "2022.08.13"]
[Round "23.3"]
[White "Schulze, Lara"]
[Black "Schuster, Rebekka"]
[Result "1-0"]
[ECO "C05"]
[WhiteElo "2292"]
[BlackElo "1815"]
[Annotator "TA"]
[PlyCount "72"]
[EventDate "2022.08.10"]
[EventType "tourn"]
[EventCountry "GER"]
[SourceTitle "playchess.com"]
[Source "ChessBase"]
[SourceQuality "1"]
[TimeControl "180+2"]

1. e4 e6 2. d4 d5 3. Nd2 Nf6 4. e5 Nfd7 5. c3 c5 6. f4 Nc6 7. Ndf3 Be7 8. Bd3 f6 {[%emt 0:00:07] C05: French Tarrasch: 3...Nf6 4 e5 Nfd7, 5 f4 and 5 Bd3 sidelines.} 9. Ne2 O-O 10. O-O a6 {[%emt 0:00:17] White is slightly better.} 11. Kh1 b5 {[%emt 0:00:03] [#]} 12. Bc2 $146 ({Predecessor:} 12. Qe1 Bb7 13. Bd2 f5 14. Be3 Rf7 15. Bf2 Nf8 16. dxc5 a5 17. Bxb5 Nd7 18. b4 axb4 19. cxb4 Qc7 20. Ned4 Ba6 21. Bxa6 Rxa6 22. Nxe6 Qb8 23. b5 Ra5 24. bxc6 {1-0 (24) Bui,N (1363)-Svane,F (1031) Magdeburg 2014}) 12... b4 13. Qd3 ({White should play} 13. c4 $14) 13... f5 $11 14. Ng5 $40 {[%emt 0:00:06][%mdl 128] Black needs to defend precisely.} Nb6 15. Be3 {[%emt 0:00:06] White is more active.} (15. Qh3 $14 Bxg5 16. fxg5) 15... cxd4 (15... Nc4 $15 16. Bc1 bxc3 17. Qxc3 cxd4 18. Nxd4 Nxd4 19. Qxd4 Qc7) 16. Nxd4 Nxd4 17. Bxd4 a5 $2 {[%emt 0:00:01] [#]} ({Better is} 17... Bxg5 $14 18. fxg5 Bd7) 18. Nf3 $2 ({White must play} 18. Nxh7 $1 $18 Kxh7 19. g4) 18... Ba6 19. Qe3 Bxf1 (19... Nc4 $11 {keeps the balance.} 20. Qc1 bxc3 21. Bxc3 Qd7) 20. Bxb6 $16 Qc8 21. Rxf1 $18 bxc3 22. bxc3 ({Wrong is} 22. Qxc3 $2 Qa6 23. Rc1 Qxb6 $19) 22... Qc6 23. Bd4 Rab8 24. Qc1 Rb7 25. Qd1 Rfb8 26. Bb3 Ra8 (26... g6 $142 27. Bc2 Ba3) 27. Ba4 Qc4 28. Nd2 Qxa2 {[%emt 0:00:23] [#]} 29. Bc6 {[%emt 0:00:01] A strong pair of Bishops.} ({White should try} 29. Bb3 $1 Rxb3 30. Nxb3) 29... Rba7 $2 30. Bxa7 Rxa7 31. Qb1 Qxb1 $16 32. Nxb1 (32. Rxb1 $18 {Rb8+ is the strong threat.} a4 33. g4) 32... Rc7 (32... a4 $16) 33. Ba4 Rc4 34. Bb3 (34. Bb5 $18 Rc5 35. c4) 34... Rc8 (34... Re4 $16) 35. Rd1 Rb8 36. Nd2 Kf7 {Weighted Error Value: White=0.43/Black=0.64} 1-0

[Event "German-ch Blitz Women 2022"]
[Site "Magdeburg"]
[Date "2022.08.13"]
[Round "23.4"]
[White "Nikolaeva, Mariya A"]
[Black "Fock, Sana"]
[Result "1-0"]
[ECO "B91"]
[WhiteElo "1309"]
[BlackElo "1807"]
[Annotator "NA RC COMBH"]
[PlyCount "181"]
[EventDate "2022.08.10"]
[EventType "tourn"]
[EventCountry "GER"]
[SourceTitle "playchess.com"]
[Source "ChessBase"]
[SourceQuality "1"]
[TimeControl "180+2"]

1. e4 c5 2. Nf3 d6 3. d4 cxd4 4. Nxd4 Nf6 5. Nc3 a6 6. g3 e5 7. Nde2 Be7 8. Bg2 O-O 9. h3 Be6 10. O-O Nbd7 11. Kh2 b5 12. a3 Nb6 13. f4 Bd7 14. f5 Bc6 15. g4 d5 16. exd5 Nbxd5 17. Nxd5 Bxd5 18. Be3 Bxg2 19. Kxg2 Qc7 20. Ng3 Rfd8 21. Qe2 Rac8 22. c3 Qc6+ 23. Kh2 Bc5 24. Rad1 Rxd1 25. Rxd1 Bxe3 26. Qxe3 Qc7 27. Re1 e4 28. Kg2 Re8 29. Rd1 Rd8 30. Rxd8+ Qxd8 31. Nxe4 Nxe4 32. Qxe4 h6 33. Qd4 Qa8+ 34. Kg3 Qb8+ 35. Kg2 Qe8 36. Kf3 Qe1 37. Qf2 Qd1+ 38. Qe2 Qd5+ 39. Kf2 Qc5+ 40. Qe3 Qc7 41. Qe8+ Kh7 42. Kf3 Qc4 43. Qe4 Qf1+ 44. Kg3 Qg1+ 45. Qg2 Qe3+ 46. Kh2 Qe5+ 47. Kh1 Qe1+ 48. Kh2 Qe5+ 49. Kg1 Qe1+ 50. Qf1 Qe3+ 51. Qf2 Qxh3 52. Qg2 Qe3+ 53. Kh1 Qc1+ 54. Kh2 Qf4+ 55. Kh1 Qg5 56. Qe2 Qh4+ 57. Kg1 Qg3+ 58. Kf1 Qf4+ 59. Ke1 Qc1+ 60. Kf2 Qf4+ 61. Ke1 Qg3+ 62. Kd1 Qd6+ 63. Kc2 Qd5 64. b3 Qd6 65. Kb2 Qf4 66. c4 Qd4+ 67. Ka2 bxc4 68. bxc4 Qc5 69. Kb3 a5 70. Qe4 Qf2 71. f6+ g6 72. Qe7 Qf3+ 73. Ka4 Qc6+ 74. Kxa5 Qxc4 75. a4 Qd5+ 76. Kb4 Qd4+ 77. Kb5 Qb2+ 78. Ka5 Qb3 79. Qd8 Qc3+ 80. Kb5 Qb3+ 81. Ka5 Qc3+ 82. Ka6 Qc4+ 83. Kb6 Qb4+ 84. Kc6 Qxa4+ 85. Kc5 Qa3+ 86. Kc6 Qc3+ 87. Kb5 Qb3+ 88. Kc5 Qa3+ 89. Kb5 Qb3+ 90. Kc5 Qa3+ 91. Kb5 1-0

[Event "German-ch Blitz Women 2022"]
[Site "Magdeburg"]
[Date "2022.08.13"]
[Round "23.5"]
[White "Zhou, Lepu Coco"]
[Black "Heil, Marina"]
[Result "1-0"]
[ECO "B07"]
[WhiteElo "1986"]
[BlackElo "1926"]
[Annotator "TA"]
[PlyCount "43"]
[EventDate "2022.08.10"]
[EventType "tourn"]
[EventCountry "GER"]
[SourceTitle "playchess.com"]
[Source "ChessBase"]
[SourceQuality "1"]
[TimeControl "180+2"]

1. e4 d6 2. d4 Nf6 3. Nc3 Nbd7 4. Be3 e5 5. Nf3 Be7 6. Bc4 h6 {[%emt 0:00:02] C41: Philidor Defence.} 7. a4 c6 {[%emt 0:00:01] [#]} 8. a5 $146 ({Predecessor:} 8. h3 Qc7 9. Bb3 Nf8 10. Qb1 Ng6 11. Qa2 O-O 12. Rd1 b6 13. g4 Nh7 14. Ne2 {0-1 (52) Koziorowicz,M (2274)-Bebel,A (2294) Bydgoszcz 2021}) 8... Qc7 {[%emt 0:00:06] White is slightly better.} 9. dxe5 dxe5 10. O-O Nf8 11. Qd2 (11. h3 $14 {feels stronger.}) 11... g5 (11... Ne6 $11) 12. Rfd1 $14 Ng6 13. Ne2 (13. Ne1 $14 {stays ahead.}) 13... Nf4 $2 {[%emt 0:00:02] [#]} (13... Nxe4 $17 {and life is bright.} 14. Qe1 (14. Qd3 Nd6 $15) 14... O-O) 14. Bxf4 $16 gxf4 15. Qc3 {[%emt 0:00:02] White is more active.} Bd6 (15... Nxe4 $16 {was necessary.} 16. Qxe5 Qxe5 17. Nxe5 Bc5) 16. Nxf4 {[%emt 0:00:15][%cal Od1d6] And now Rxd6! would win.} ({Much less strong is} 16. Qd3 Be7) 16... Nxe4 17. Qe3 Nxf2 {[%emt 0:00:44][%mdl 8192] This costs Black the game.} (17... Bf5 $16 18. Nd3 a6) 18. Kxf2 $18 {[%emt 0:00:08] White is clearly winning.} Kf8 (18... Bf5 $142 19. Nh5 Kf8) 19. Nd3 f6 20. Nh4 {[%emt 0:00:19] [#] Strongly threatening Ng6+.} Rh7 21. Ng6+ Kg7 22. Qg3 {[%emt 0:00:09] Inhibits Bg4.  Weighted Error Value: White=0.54/Black=1.06} 1-0

[Event "German-ch Blitz Women 2022"]
[Site "Magdeburg"]
[Date "2022.08.13"]
[Round "23.7"]
[White "Daemering, Katrin"]
[Black "Kosovska, Olena"]
[Result "1-0"]
[ECO "B32"]
[WhiteElo "1965"]
[BlackElo "1831"]
[Annotator "TA"]
[PlyCount "65"]
[EventDate "2022.08.10"]
[EventType "tourn"]
[EventCountry "GER"]
[SourceTitle "playchess.com"]
[Source "ChessBase"]
[SourceQuality "1"]
[TimeControl "180+2"]

1. e4 c5 2. Nf3 Nc6 3. d4 cxd4 4. c3 dxc3 5. Nxc3 e6 6. Bc4 Bb4 7. O-O Bxc3 8. bxc3 Nge7 9. Bf4 O-O 10. Bd6 Re8 {[%emt 0:00:03] B21: Sicilian: 2 f4 and Morra Gambit.} 11. Qe2 {[%emt 0:00:08] [#]} Ng6 $146 (11... b6 $142) ({Predecessor:} 11... a6 12. Rad1 b5 13. Bb3 Na5 14. Bc2 Nc4 15. e5 Nf5 16. g4 Nfxd6 17. exd6 Bb7 {1-0 (29) Sobek,M (1914)-Loucky,T (1305) Chess.com INT 2021}) 12. Rfd1 (12. Nd4 $142 $1) 12... a6 (12... b6 $11) 13. a4 Qa5 (13... Na5 $11) 14. h3 {[%emt 0:00:14] White is more active.} (14. Qe3 $16) 14... Qxc3 {[%emt 0:00:11] [#]} 15. Rac1 (15. e5 $1 $16 {[%cal Oa4a5] And now a5! would win.} Qa5 16. Qe4) 15... Qa5 $11 16. Bb3 {[%emt 0:00:05] This bishop pair is nice.} b5 17. Rc5 (17. Ng5 $142 h6 18. Nf3) 17... Qb6 18. axb5 axb5 (18... Na5 $5 19. Qe3 Nxb3 20. Qxb3 Bb7 $15) 19. Rxb5 (19. Qxb5 Qxb5 20. Rxb5 Ba6 $17) (19. Ng5 $11 {keeps the balance.} h6 {[#]} 20. Nxf7 $1 (20. Rxb5 $2 Nd4 $19) 20... Kxf7 21. Qh5) 19... Ba6 $17 20. Rxb6 Bxe2 21. Rd2 (21. Rb1 $17) 21... Bxf3 22. gxf3 Nge5 (22... Nce5 $142 23. Rd1 Nxf3+ 24. Kg2 Ng5) 23. Kg2 h6 (23... Ra1 $17 {[%cal Oa1g1] White must now prevent ...Rg1+!} 24. Bxe5 Nxe5) 24. Rb7 (24. Rb5 $11 Ra5 25. Rxa5 Nxa5 26. Bxe5 Nxb3 27. Rxd7) 24... f6 (24... Na5 $17 {Threatens to win with ...Nxf3.} 25. Rb4 Nxb3 26. Rxb3 Nc4) 25. f4 (25. Bxe5 $11 {remains equal.} Nxe5 26. f4) 25... Nf7 $2 {[%emt 0:00:11] A mistake that costs the game.} (25... Na5 $17 {stays on course.} 26. Rb4 Nec6) 26. Rxd7 $18 Nxd6 27. R2xd6 ({Don't do} 27. R7xd6 Nd8 28. f5 Kh7) 27... Nd8 (27... Rad8 28. Rxe6 (28. Rxc6 Rxd7 29. Bxe6+ Rxe6 $16) 28... Rxd7) 28. f5 Nf7 29. Bxe6 Rf8 30. Rb6 (30. Re7 $142 Rfd8 31. Bxf7+ Kf8 32. Rdd7) 30... Rad8 31. Rbb7 {[%emt 0:00:12] White mates.} Rxd7 32. Rxd7 ({Not} 32. Bxd7 Nd8 33. Ra7 Rf7 $18) 32... h5 33. h4 {[%emt 0:00:01] Weighted Error Value: White=0.44/Black=0.94} 1-0

[Event "German-ch Blitz Women 2022"]
[Site "Magdeburg"]
[Date "2022.08.13"]
[Round "23.8"]
[White "Khrapko, Marharyta"]
[Black "Falke, Ornella"]
[Result "1-0"]
[ECO "B50"]
[WhiteElo "2128"]
[BlackElo "1912"]
[Annotator "NA RC"]
[PlyCount "71"]
[EventDate "2022.08.10"]
[EventType "tourn"]
[EventCountry "GER"]
[SourceTitle "playchess.com"]
[Source "ChessBase"]
[SourceQuality "1"]
[TimeControl "180+2"]

1. e4 c5 2. Nf3 d6 3. c3 Nf6 4. Bd3 Nc6 5. h3 g6 6. Bc2 Bg7 7. O-O O-O 8. a3 b5 9. d4 Nd7 10. Be3 Bb7 11. Nbd2 Rc8 12. Nb3 cxd4 13. cxd4 a5 14. Bd3 b4 15. axb4 Nxb4 16. Bb1 Ra8 17. Qd2 Nb6 18. Rc1 Nc6 19. d5 Ne5 20. Nxe5 Bxe5 21. Nxa5 Qd7 22. Bxb6 Ba6 23. Bd4 Bxd4 24. Qxd4 Qb5 25. Nc6 Rfe8 26. b4 e5 27. Qd2 Rac8 28. Ra5 Qb7 29. Bd3 Bxd3 30. Qxd3 Kg7 31. Rca1 Qd7 32. Ra7 Rc7 33. Rxc7 Qxc7 34. Ra7 Qb6 35. Ra6 Qb7 36. b5 1-0

[Event "German-ch Blitz Women 2022"]
[Site "Magdeburg"]
[Date "2022.08.13"]
[Round "23.9"]
[White "Grabowski, Petra"]
[Black "Stangl, Anita"]
[Result "0-1"]
[ECO "A40"]
[WhiteElo "1643"]
[BlackElo "2023"]
[Annotator "NA RC"]
[PlyCount "126"]
[EventDate "2022.08.10"]
[EventType "tourn"]
[EventCountry "GER"]
[SourceTitle "playchess.com"]
[Source "ChessBase"]
[SourceQuality "1"]
[TimeControl "180+2"]

1. d4 e6 2. Nf3 d5 3. c4 c6 4. cxd5 exd5 5. Nc3 Nf6 6. Qc2 Bd6 7. e4 dxe4 8. Nxe4 Qe7 9. Nfd2 Nxe4 10. Qxe4 O-O 11. Qxe7 Bxe7 12. Bc4 Bf6 13. d5 b5 14. Bb3 c5 15. O-O c4 16. Bc2 Bb7 17. Be4 Rd8 18. b3 Bxa1 19. bxc4 bxc4 20. Nxc4 Bf6 21. Ne3 Bg5 22. Rd1 Nd7 23. Bf5 g6 24. Bg4 Ne5 25. Bh3 Bxe3 26. fxe3 Rxd5 27. Rf1 Rad8 28. Bb2 Nc4 29. Bd4 f5 30. Rb1 Ba6 31. g4 fxg4 32. Bxg4 Rg5 33. h3 h5 34. Kf2 hxg4 35. hxg4 Rxg4 36. Kf3 Rg5 37. Rh1 Rh5 38. Rc1 Rf8+ 39. Ke4 Rh4+ 40. Kd5 Nxe3+ 41. Bxe3 Rd8+ 42. Ke6 Bc4+ 43. Kf6 Kh7 44. Rb1 Rd7 45. Rb4 Re4 46. Bc1 Bd5 47. Rb2 Rf7+ 48. Kg5 Re5+ 49. Kg4 Be6+ 50. Kg3 Rf1 51. Rh2+ Rh5 52. Re2 Rxc1 53. Rxe6 Ra5 54. Re7+ Kh6 55. Re4 Rxa2 56. Rh4+ Kg7 57. Rd4 Rc7 58. Kf4 Rf7+ 59. Kg5 Rg2+ 60. Kh4 Kf6 61. Rf4+ Ke6 62. Re4+ Kd5 63. Ra4 Rh7# 0-1

[Event "German-ch Blitz Women 2022"]
[Site "Magdeburg"]
[Date "2022.08.13"]
[Round "23.10"]
[White "Braun, Kristin"]
[Black "Wulf, Constanze"]
[Result "1-0"]
[ECO "B01"]
[WhiteElo "1897"]
[BlackElo "1835"]
[Annotator "NA RC COMBH"]
[PlyCount "99"]
[EventDate "2022.08.10"]
[EventType "tourn"]
[EventCountry "GER"]
[SourceTitle "playchess.com"]
[Source "ChessBase"]
[SourceQuality "1"]
[TimeControl "180+2"]

1. e4 d5 2. exd5 Qxd5 3. d4 Nc6 4. Nf3 Bg4 5. Nc3 Qd7 6. Bb5 a6 7. Bxc6 Qxc6 8. d5 Qd6 9. Be3 Nf6 10. h3 Bh5 11. O-O O-O-O 12. g4 Bg6 13. Qd2 Nxd5 14. Nxd5 Qxd5 15. Qxd5 Rxd5 16. c4 Rd8 17. Rfd1 e6 18. Ne5 Be7 19. b3 Bf6 20. Nxg6 hxg6 21. Rxd8+ Rxd8 22. Re1 Rd3 23. Kg2 Bc3 24. Re2 Rd1 25. Rc2 Bb4 26. Bf4 Bd6 27. Bxd6 Rxd6 28. f3 Kd7 29. Kf2 Kc6 30. Ke3 Rd1 31. Rh2 Re1+ 32. Kd2 Rf1 33. Ke2 Ra1 34. Ke3 Re1+ 35. Kf4 Kc5 36. Rd2 Rh1 37. Kg3 Ra1 38. h4 a5 39. Rd7 Kc6 40. Rxf7 Rxa2 41. Rxg7 Rb2 42. Rxg6 Kd6 43. h5 Rxb3 44. h6 a4 45. h7 a3 46. h8=Q a2 47. Qd4+ Ke7 48. Rg7+ Kf8 49. Qf6+ Ke8 50. Qe7# 1-0

[Event "German-ch Blitz Women 2022"]
[Site "Magdeburg"]
[Date "2022.08.13"]
[Round "23.11"]
[White "Skibbe, Diana"]
[Black "Doll, Rebecca"]
[Result "1-0"]
[ECO "C36"]
[WhiteElo "1943"]
[BlackElo "1933"]
[Annotator "TA"]
[PlyCount "61"]
[EventDate "2022.08.10"]
[EventType "tourn"]
[EventCountry "GER"]
[SourceTitle "playchess.com"]
[Source "ChessBase"]
[SourceQuality "1"]
[TimeControl "180+2"]

1. e4 e5 2. f4 d5 3. Nf3 exf4 4. exd5 Nf6 5. Bc4 Nxd5 6. Bxd5 Qxd5 7. Nc3 Qd8 8. O-O Be7 9. d4 {[%emt 0:00:03] C36: King's Gambit Accepted: 3 Nf3 d5.} O-O (9... g5 $15) 10. Bxf4 $11 c6 {[%emt 0:00:26] [#]} 11. Ne2 $146 {[%emt 0:00:04] The position is equal.} ({Predecessor:} 11. Qd3 Be6 12. Rae1 Nd7 13. Ne4 Bf5 14. Nf6+ Bxf6 15. Qxf5 Re8 16. Rxe8+ Qxe8 17. Re1 {½-½ (26) Koesebay,O (2512)-Kalchev,J (2527) ICCF email 2009}) 11... Nd7 12. c3 Nf6 (12... Re8 {should be considered.}) 13. Ng3 Nd5 14. Bd2 h6 15. Kh1 Bg4 16. Qc2 Qc7 17. Ne5 Be6 18. Rae1 c5 ({Black should play} 18... Bh4 $11) 19. Qe4 (19. Nf5 $14 cxd4 20. Nxd4) 19... Nf6 20. Qf3 cxd4 21. cxd4 Rad8 22. Bc3 b5 ({But not} 22... Bxa2 23. Nf5 Be6 {[#]} 24. Ba5 $1 Qxa5 25. Nxe7+ Kh8 26. N5g6+ $1 (26. Qxb7 Bd5 $11) 26... fxg6 27. Nxg6+ Kg8 28. Rxe6 $16 (28. Nxf8 $2 Bd5 $19)) (22... Nd5 $15) 23. a3 a5 ({Resist} 23... Bd5 24. Qe2) (23... Bd6 $11 {remains equal.}) 24. Nc6 $16 {[%emt 0:00:10] Pair of Knights!} Rde8 (24... Nd5 $16 {might work better.} 25. Nxd8 Rxd8) 25. Bxa5 $18 Qd6 (25... Qc8 26. Nf5 Bxf5) 26. Bb4 {[%emt 0:00:04] White is clearly winning.} Qc7 27. Nxe7+ Rxe7 28. Bxe7 Qxe7 29. d5 Nxd5 {[%emt 0:00:13] [#]} 30. Qxd5 $1 Bxd5 31. Rxe7 {[%emt 0:00:01] Weighted Error Value: White=0.20 (precise) /Black=0.47} 1-0